[Event "Team 45 45 League T50"]
[Site "Internet Chess Club"]
[Date "2011.09.04"]
[Round "4"]
[White "chessateer"]
[Black "Philly-Boy"]
[Result "0-1"]
[WhiteElo "1846"]
[BlackElo "1897"]
[Opening "Scandinavian defense"]
[ECO "B01"]
[Time "17:00:25"]
[TimeControl "2700+45"]

1. e4 d5 2. exd5 Nf6 3. d4 Bg4 4. Be2 Bxe2 5. Nxe2 Qxd5 6. O-O e6 7. Nf4 Qf5 8.
c4 Bd6 9. Qd3 Bxf4 10. Qxf5 Bxh2+ 11. Kxh2 exf5 12. Re1+ Kd7 13. Nc3 Na6 14. Bg5
Ng4+ 15. Kg1 f6 16. Bd2 Nb4 17. f3 Nc2 18. fxg4 Nxa1 19. Rxa1 fxg4 20. Kf2 Rae8
21. Re1 Rxe1 22. Bxe1 Re8 23. Bd2 c6 24. Kg3 f5 25. Kf4 g6 26. Kg5 b5 27. cxb5
cxb5 28. b4 a6 29. a3 Rc8 30. Kh6 Rc4 31. d5 f4 32. Ne2 Rc2 33. Bxf4 Rxe2 34. g3
Rf2 {White resigns} 0-1

[Event "Team 45 45 League T50"]
[Site "Internet Chess Club"]
[Date "2011.09.11"]
[Round "4"]
[White "redarmy44"]
[Black "ddlj81"]
[Result "1/2-1/2"]
[WhiteElo "1635"]
[BlackElo "1788"]
[Opening "Scotch game"]
[ECO "C45"]
[Time "15:00:17"]
[TimeControl "2700+45"]

1. e4 e5 2. Nf3 Nc6 3. d4 exd4 4. Nxd4 Bc5 5. Be3 Qf6 6. c3 Nge7 7. Bc4 Ne5 8.
Be2 Qg6 9. O-O d6 10. f4 Qxe4 11. Bf2 Bxd4 12. Bxd4 N5c6 13. Bf3 Qg6 14. Na3
Nxd4 15. Qxd4 O-O 16. Nb5 c6 17. Qxd6 Nf5 18. Qxg6 fxg6 19. Nd4 Ne3 20. Rfe1 Nc4
21. b3 Nd2 22. g3 c5 23. Re2 Nxf3+ 24. Nxf3 Bg4 25. Kf2 Rad8 26. Rae1 g5 27. h3
Bxh3 28. Nxg5 Bg4 29. Ne6 Bxe2 30. Nxd8 Rxd8 31. Rxe2 Rd3 32. Re3 Rd2+ 33. Re2
Rd7 34. Kf3 Kf7 35. Re5 b6 36. a3 Kf6 37. g4 Rd3+ 38. Re3 Rxe3+ 39. Kxe3 g5 40.
Ke4 gxf4 41. Kxf4 h6 42. c4 a6 43. a4 a5 44. Ke4 Kg5 45. Kf3 Kf6 46. Kf4 Ke6 47.
Ke4 Kf6 48. Kf4 Kg6 49. Kg3 Kg5 50. Kf3 Kh4 51. Kf4 Kh3 52. Kf3 Kh2 53. Kf2 Kh3
54. Kf3 Kh4 55. Kf4 {Game drawn by mutual agreement} 1/2-1/2

[Event "Team 45 45 League T50"]
[Site "Internet Chess Club"]
[Date "2011.09.04"]
[Round "4"]
[White "Invicta-Knight"]
[Black "timothysmall56"]
[Result "1-0"]
[WhiteElo "1461"]
[BlackElo "1663"]
[Opening "Caro-Kann: classical, 7...Nd7"]
[ECO "B18"]
[Time "12:26:39"]
[TimeControl "2700+45"]

1. e4 c6 2. d4 d5 3. Nc3 dxe4 4. Nxe4 Bf5 5. Ng3 Bg6 6. Nf3 Nd7 7. h4 h6 8. Bd3
Bxd3 9. Qxd3 e6 10. Bd2 Bd6 11. O-O-O Ngf6 12. Rhe1 Bxg3 13. fxg3 O-O 14. Qe2
Re8 15. Ne5 Nxe5 16. dxe5 Nd7 17. Qg4 Kh8 18. Qh5 Kg8 19. g4 Qb6 20. Bxh6 Rad8
21. Qg5 g6 22. h5 Nf8 23. Bxf8 Kxf8 24. hxg6 Rxd1+ 25. Rxd1 Qf2 26. Rh1 fxg6 27.
Rh8+ Kf7 28. Rh7+ Kf8 29. Qh6+ Kg8 30. Qg7# {Black checkmated} 1-0

[Event "Team 45 45 League T50"]
[Site "Internet Chess Club"]
[Date "2011.09.03"]
[Round "4"]
[White "OOB1"]
[Black "BishopMike"]
[Result "1-0"]
[WhiteElo "1510"]
[BlackElo "1376"]
[Opening "Sicilian"]
[ECO "B50"]
[Time "20:03:51"]
[TimeControl "2700+45"]

1. e4 c5 2. Nf3 d6 3. b3 Nc6 4. Bb2 Nf6 5. Be2 Nxe4 6. d4 cxd4 7. Nxd4 Nf6 8.
Bf3 Bd7 9. O-O g6 10. Nxc6 bxc6 11. Bxf6 exf6 12. Re1+ Be7 13. Qe2 d5 14. c4 O-O
15. Qxe7 Qxe7 16. Rxe7 Be6 17. cxd5 cxd5 18. Nc3 Rfd8 19. Rc7 a6 20. h3 Rab8 21.
Rc1 d4 22. Ne4 Kg7 23. Nc5 Rb6 24. Re1 Re8 25. Bc6 Rc8 26. Nxe6+ {Black resigns}
1-0

[Event "Team 45 45 League T50"]
[Site "Internet Chess Club"]
[Date "2011.09.01"]
[Round "4"]
[White "achessfool"]
[Black "PaleMetaphor"]
[Result "1-0"]
[WhiteElo "1556"]
[BlackElo "1380"]
[Opening "French: advance variation"]
[ECO "C02"]
[Time "22:00:10"]
[TimeControl "2700+45"]

1. e4 e6 2. d4 d5 3. e5 c5 4. c3 Qb6 5. Nf3 Nc6 6. a3 cxd4 7. cxd4 Nh6 8. b4 Nf5
9. Bb2 Bd7 10. g4 Nfe7 11. Nc3 Ng6 12. Na4 Qc7 13. Qd2 Nxd4 14. Qxd4 Bxa4 15. b5
Bb3 16. Nd2 Bc4 17. Bxc4 dxc4 18. O-O Bc5 19. Qe4 O-O 20. Nxc4 Rac8 21. Nd6 Bxd6
22. exd6 Qxd6 23. Qxb7 Qf4 24. Qg2 Rc4 25. Bc1 Qxg4 26. Be3 Nh4 27. Qg3 Rb8 28.
a4 Rxa4 29. Rxa4 Qxa4 30. Qxb8# {Black checkmated} 1-0

[Event "Team 45 45 League T50"]
[Site "Internet Chess Club"]
[Date "2011.09.03"]
[Round "4"]
[White "TheronUAL"]
[Black "katabatico"]
[Result "1-0"]
[WhiteElo "1578"]
[BlackElo "1408"]
[Opening "Four knights: Scotch, 4...exd4"]
[ECO "C47"]
[Time "14:00:34"]
[TimeControl "2700+45"]

1. e4 e5 2. Nc3 Nf6 3. Nf3 Nc6 4. d4 exd4 5. Nxd4 Bb4 6. Nxc6 bxc6 7. Bd3 O-O 8.
O-O d5 9. exd5 cxd5 10. Bg5 c6 11. Qf3 Be7 12. h3 h6 13. Bh4 Re8 14. Rfe1 Ne4
15. Bxe7 Rxe7 16. Nxe4 dxe4 17. Bxe4 Bb7 18. Rad1 Qc7 19. Qf5 g6 20. Qc5 Rae8
21. Qc3 Rxe4 22. Rxe4 Rxe4 23. Qf6 Re8 24. Qh4 Kh7 25. Qa4 Qb6 26. Qc4 Kg8 27.
Rd7 Rf8 28. Rd6 Qxb2 29. Rxg6+ Kh7 30. Rg3 Qb5 31. Qe4+ f5 32. Qe7+ {Black
resigns} 1-0

[Event "Team 45 45 League T50"]
[Site "Internet Chess Club"]
[Date "2011.09.04"]
[Round "4"]
[White "Oscar"]
[Black "KyleMayhugh"]
[Result "0-1"]
[WhiteElo "1514"]
[BlackElo "1440"]
[Opening "King's Indian: orthodox, 7...Nbd7"]
[ECO "E94"]
[Time "23:30:33"]
[TimeControl "2700+45"]

1. d4 Nf6 2. Nf3 g6 3. c4 Bg7 4. Nc3 O-O 5. e4 d6 6. Be2 Nbd7 7. O-O e5 8. Bg5
h6 9. Bh4 c6 10. Rc1 Qb6 11. b3 exd4 12. Na4 Qc7 13. Qxd4 Re8 14. Nd2 Nxe4 15.
Qe3 Nef6 16. Qd3 Ne5 17. Qc2 Bf5 18. Qd1 d5 19. Bxf6 Bxf6 20. cxd5 Rad8 21. dxc6
Nxc6 22. Bf3 Bg5 23. Bxc6 bxc6 24. Qf3 Bxd2 25. Rxc6 Qe7 26. Qd1 Bg5 27. Qa1 Bd3
28. Rd1 Bb5 29. Rxd8 Bxc6 30. Rxe8+ Bxe8 31. h3 Bxa4 32. bxa4 Bf6 33. Qc1 Kg7
34. g3 Qe5 35. Kf1 Qa1 36. Qxa1 Bxa1 37. Ke2 Kf6 38. Kd2 Ke5 39. Kd3 Kd5 40. g4
g5 41. f3 f6 42. Ke3 Ke5 43. Kd3 Kf4 44. Kc4 Kxf3 45. Kb5 Kg3 46. Ka6 Bd4 47.
Kb5 Kxh3 48. Kc4 Bf2 49. Kd5 Kxg4 {White resigns} 0-1

[Event "Team 45 45 League T50"]
[Site "Internet Chess Club"]
[Date "2011.09.03"]
[Round "4"]
[White "Burbia"]
[Black "chesskix"]
[Result "0-1"]
[WhiteElo "1319"]
[BlackElo "1456"]
[Opening "Sicilian: Alapin's variation (2.c3)"]
[ECO "B22"]
[Time "17:00:21"]
[TimeControl "2700+45"]

1. e4 c5 2. c3 Nc6 3. d4 cxd4 4. cxd4 d5 5. e5 Bf5 6. Nf3 e6 7. a3 Qb6 8. Nc3
Be7 9. b4 h6 10. Na4 Qc7 11. Nc5 Bxc5 12. bxc5 a6 13. Bd3 Nge7 14. O-O O-O 15.
Be3 f6 16. exf6 Rxf6 17. Nh4 Raf8 18. Nxf5 Nxf5 19. Bxf5 exf5 20. f3 f4 21. Bf2
Rf5 22. Rb1 Na5 23. a4 Nc4 24. Re1 Rh5 25. Qb3 b5 26. cxb6 Qd6 27. Qb4 Qg6 28.
b7 Rb8 29. Qc5 Nd6 30. Qa7 Rxb7 31. Rxb7 Nxb7 32. Qxb7 Rg5 33. Qc8+ Kh7 34. Qh3
Rh5 35. Qg4 Rg5 36. Qxf4 Rxg2+ 37. Kh1 Rxf2 38. Rg1 Qd3 39. Qg3 Qxf3+ 40. Qxf3
Rxf3 41. Rc1 Rd3 42. Rc6 Rxd4 43. Rxa6 Rc4 44. Kg2 d4 45. Kf3 d3 46. Ke3 Rc3 47.
Rd6 Ra3 48. Rg6 Kxg6 {White resigns} 0-1

[Event "Team 45 45 League T50"]
[Site "Internet Chess Club"]
[Date "2011.09.04"]
[Round "4"]
[White "mrmarck"]
[Black "Sandia"]
[Result "1-0"]
[WhiteElo "1322"]
[BlackElo "1410"]
[Opening "QGD Slav: 4.e3 Bf5"]
[ECO "D12"]
[Time "13:01:36"]
[TimeControl "2700+45"]

1. d4 d5 2. e3 Nf6 3. c4 c6 4. Nf3 Bf5 5. Nc3 g6 6. Be2 Bg7 7. O-O O-O 8. b3 Re8
9. Rb1 Bxb1 10. Nxb1 Ne4 11. Nbd2 Nxd2 12. Qxd2 e5 13. dxe5 Bxe5 14. Nxe5 Rxe5
15. Bb2 Re7 16. Qd4 Qf8 17. Qh8# {Black checkmated} 1-0

[Event "Team 45 45 League T50"]
[Site "Internet Chess Club"]
[Date "2011.09.02"]
[Round "4"]
[White "sockmonkey"]
[Black "PT105"]
[Result "0-1"]
[WhiteElo "1210"]
[BlackElo "1396"]
[Opening "Queen's pawn game, Chigorin variation"]
[ECO "D02"]
[Time "12:00:34"]
[TimeControl "2700+45"]

1. d4 d5 2. Nf3 Nc6 3. Bg5 Nf6 4. Bxf6 gxf6 5. e3 Bg4 6. h3 Bh5 7. Bd3 e5 8. c3
e4 9. g4 Bg6 10. Bb5 exf3 11. Qxf3 Be4 12. Qf4 Bxh1 13. Qg3 Qd6 14. Qg1 Be4 15.
Nd2 O-O-O 16. O-O-O Bg6 17. Nb3 a6 18. Be2 Nb4 19. cxb4 Qc6+ 20. Nc5 b6 21. Kd2
bxc5 22. Rc1 Qa4 23. a3 cxb4 24. Qg3 Bd6 25. Qf3 bxa3 26. Qxf6 Bb4+ {White
resigns} 0-1

[Event "Team 45 45 League T50"]
[Site "Internet Chess Club"]
[Date "2011.09.01"]
[Round "4"]
[White "quotha"]
[Black "Duguesclin"]
[Result "1-0"]
[WhiteElo "1689"]
[BlackElo "1662"]
[Opening "Queen's pawn: Torre attack"]
[ECO "A46"]
[Time "14:47:54"]
[TimeControl "2700+45"]

1. d4 Nf6 2. Nf3 e6 3. Bg5 Be7 4. Nbd2 O-O 5. e4 d5 6. e5 Nfd7 7. Bxe7 Qxe7 8.
Bd3 h6 9. Qe2 Qb4 10. O-O c5 11. Qe3 c4 12. c3 Qxb2 13. Rfb1 Qa3 14. Bxc4 dxc4
15. Nxc4 Qa6 16. Nd6 Nb6 17. Nd2 Bd7 18. c4 Bc6 19. Rb3 Qa5 20. Ra3 Na4 21. Rb1
Qc7 22. d5 exd5 23. cxd5 Bd7 24. Rxb7 Qc1+ 25. Nf1 Qxe3 26. Nxe3 Nc5 27. Rc7
Nba6 28. Rxa6 Nxa6 29. Rxd7 Nc5 30. Rc7 Nd3 31. e6 fxe6 32. dxe6 Rf6 33. Re7 Kf8
34. Nd5 Rxf2 35. Rb7 Re2 36. e7+ Kg8 37. h3 a5 38. Rd7 Kh7 39. e8=Q Raxe8 40.
Nf6+ Kg6 41. Nfxe8 Ne5 42. Rxg7+ Kh5 43. Nf6+ Kh4 44. Nf5# {Black checkmated}
1-0

[Event "Team 45 45 League T50"]
[Site "Internet Chess Club"]
[Date "2011.09.06"]
[Round "4"]
[White "aphort0212"]
[Black "Kheeljoi"]
[Result "0-1"]
[WhiteElo "1630"]
[BlackElo "1733"]
[Opening "Sicilian: Grand Prix attack"]
[ECO "B23"]
[Time "22:00:38"]
[TimeControl "2700+45"]

1. e4 c5 2. Nc3 Nc6 3. f4 g6 4. Nf3 Bg7 5. Bc4 d6 6. d3 e6 7. Bd2 Nge7 8. Qe2 a6
9. a3 b5 10. Ba2 Bb7 11. f5 gxf5 12. Ng5 Nd4 13. Qh5 Ng6 14. O-O b4 15. axb4
cxb4 16. exf5 Nxf5 17. Rxf5 bxc3 18. Rxf7 cxd2 19. Rxb7 Ra7 20. Nxe6 Bd4+ 21.
Kh1 Qh4 22. Qxh4 Nxh4 23. Rb8+ Kd7 24. Rxh8 Bxh8 25. c3 Rb7 26. Rb1 Ng6 27. d4
Rxb2 28. Ra1 Rxa2 {White resigns} 0-1

[Event "Team 45 45 League T50"]
[Site "Internet Chess Club"]
[Date "2011.09.03"]
[Round "4"]
[White "dschesq"]
[Black "Oscar"]
[Result "1-0"]
[WhiteElo "1616"]
[BlackElo "1535"]
[Opening "Grünfeld: 5.Bg5"]
[ECO "D91"]
[Time "09:00:09"]
[TimeControl "2700+45"]

1. d4 Nf6 2. c4 g6 3. Nc3 d5 4. Nf3 Bg7 5. Bg5 c6 6. e3 O-O 7. Rc1 Bf5 8. cxd5
cxd5 9. Qb3 b6 10. Bxf6 exf6 11. Qxd5 Qxd5 12. Nxd5 Nd7 13. Bb5 Rac8 14. Rxc8
Rxc8 15. Ne7+ Kf8 16. Nxc8 Nc5 17. Nd6 a6 18. Nxf5 gxf5 19. dxc5 {Black resigns}
1-0

[Event "Team 45 45 League T50"]
[Site "Internet Chess Club"]
[Date "2011.09.02"]
[Round "4"]
[White "drsigmund1"]
[Black "nanning"]
[Result "0-1"]
[WhiteElo "1443"]
[BlackElo "1484"]
[Opening "Sicilian: Grand Prix attack"]
[ECO "B23"]
[Time "13:00:36"]
[TimeControl "2700+45"]

1. e4 c5 2. Nc3 Nc6 3. f4 Qc7 4. Bb5 e6 5. d3 a6 6. Bxc6 bxc6 7. Nf3 Nf6 8. O-O
Be7 9. Qe1 d5 10. e5 Nd7 11. Qg3 O-O 12. f5 exf5 13. Bh6 g6 14. Bxf8 Bxf8 15.
Rae1 Bg7 16. Qg5 Nxe5 17. h4 h6 18. Qf4 Nxf3+ 19. Qxf3 Be6 20. Nd1 Rb8 21. c3
Qa5 22. Qf4 Qb6 23. Qd6 Rd8 24. Qf4 c4+ 25. d4 c5 26. dxc5 Qxc5+ 27. Kh1 d4 28.
cxd4 Rxd4 29. Qh2 Bf6 30. Rf4 Be5 31. Rxe5 Qxe5 32. Rxd4 Qxd4 33. Nc3 Kg7 34. g3
Bc8 35. Qg1 Bb7+ 36. Kh2 Qd2+ 37. Kh3 Qxb2 38. Na4 Qe2 39. Nc5 g5 40. hxg5 Qh5#
{White checkmated} 0-1

[Event "Team 45 45 League T50"]
[Site "Internet Chess Club"]
[Date "2011.09.05"]
[Round "4"]
[White "Portola"]
[Black "room-matt"]
[Result "0-1"]
[WhiteElo "1728"]
[BlackElo "1682"]
[Opening "Queen's bishop game"]
[ECO "D02"]
[Time "09:30:15"]
[TimeControl "2700+45"]

1. d4 d5 2. Nf3 Nf6 3. Bf4 c5 4. c3 cxd4 5. Nxd4 Nbd7 6. Qa4 a6 7. Nb5 e5 8.
Bxe5 axb5 9. Qxa8 Nxe5 10. e3 Bd6 11. Bxb5+ Ned7 12. Nd2 O-O 13. O-O-O Nb6 14.
Qa5 Ng4 15. Rdf1 Ne5 16. h3 Bf5 17. Be2 Qc7 18. Bg4 Ra8 19. Qb5 Bg6 20. Qb3 Nd3+
21. Kd1 Na4 22. Ke2 Naxb2 23. f4 Be4 24. Nb1 Bxg2 25. Rhg1 Bxf1+ 26. Rxf1 Qc4
27. Qxc4 dxc4 28. Kf3 Rxa2 29. Ke4 Kf8 30. Bc8 b6 31. Kd5 Ke7 32. Nd2 Ra5+ 33.
Ke4 Nc5+ 34. Kf3 g6 35. h4 Ra3 36. Rb1 Ncd3 37. Ne4 Bc7 38. f5 Ne5+ 39. Kg2 Nbd3
40. f6+ Kd8 41. Bh3 Ra2+ 42. Kf1 Rh2 43. Bg2 Rxh4 44. Ra1 Kd7 45. Ra7 Ng4 46.
Ke2 Rh2 47. Kf3 h5 48. Nd2 Nde5+ 49. Ke4 Rxg2 {White resigns} 0-1

[Event "Team 45 45 League T50"]
[Site "Internet Chess Club"]
[Date "2011.09.03"]
[Round "4"]
[White "gandre"]
[Black "rubo"]
[Result "1-0"]
[WhiteElo "1689"]
[BlackElo "1687"]
[Opening "King's Indian: London system"]
[ECO "A45"]
[Time "14:00:31"]
[TimeControl "2700+45"]

1. d4 Nf6 2. Bf4 g6 3. Nf3 c5 4. c3 Bg7 5. e3 Qb6 6. Qb3 Nc6 7. h3 d5 8. Be2 O-O
9. Nbd2 Bf5 10. g4 Be4 11. Nxe4 dxe4 12. Nd2 cxd4 13. exd4 Qxb3 14. axb3 e6 15.
Bf1 Nd5 16. Be3 f5 17. gxf5 exf5 18. Bc4 Ne7 19. Ra5 Rfd8 20. f3 exf3 21. Nxf3
b6 22. Ra6 h6 23. Kd2 Kh7 24. Rha1 Rd7 25. Bb5 Rc7 26. c4 Nxe3 27. Kxe3 Nc8 28.
Kf4 Re7 29. Ne5 Bxe5+ 30. dxe5 Kg7 31. Rd1 Rb8 32. Rd8 Rc7 33. Rd7+ Rxd7 34.
Bxd7 g5+ 35. Kxf5 Ne7+ 36. Ke6 Kf8 37. Rxa7 Ng6 38. Kd6 Rd8 39. Rc7 h5 40. Rc8
Rxc8 41. Bxc8 Ke8 42. b4 Kd8 43. Bd7 Nxe5 44. Kxe5 Kxd7 45. Kf5 g4 46. Kf4 gxh3
47. Kg3 Kd6 48. Kxh3 Ke5 49. Kh4 Kd4 50. b3 Ke4 51. Kxh5 Kf5 52. Kh4 Ke4 53. Kg4
Ke5 54. Kf3 Kf5 55. Ke3 Ke5 56. Kd3 Kd6 57. Kd4 Ke6 58. c5 b5 59. Ke4 Ke7 60.
Kd5 Kd7 61. c6+ Kc7 62. Kc5 Kb8 63. Kb6 Ka8 64. Kc7 Ka7 65. Kd7 Kb6 66. c7 Ka7
67. Kc6 {Black resigns} 1-0

[Event "Team 45 45 League T50"]
[Site "Internet Chess Club"]
[Date "2011.09.05"]
[Round "4"]
[White "g8wrb"]
[Black "Just-Jim"]
[Result "1-0"]
[WhiteElo "1398"]
[BlackElo "1355"]
[Opening "Ruy Lopez (Spanish opening)"]
[ECO "C60"]
[Time "15:00:40"]
[TimeControl "2700+45"]

1. e4 e5 2. Nf3 Nc6 3. Bb5 d5 4. exd5 Qxd5 5. Nc3 Qc5 6. O-O Bd7 7. Re1 Bd6 8.
Bxc6 Bxc6 9. d4 Bxf3 10. dxc5 Bxd1 11. Nxd1 Bxc5 12. Rxe5+ Be7 13. Be3 b6 14.
Nc3 O-O-O 15. Rd1 Rxd1+ 16. Nxd1 f6 17. Re4 Kb7 18. Nc3 f5 19. Re5 g6 20. Nd5
Nf6 21. Nxe7 Rd8 22. Kf1 Rd1+ 23. Ke2 Rb1 24. b3 Rb2 25. Kd3 Rxa2 26. Bd4 Ng4
27. Re1 c5 28. h3 Nh6 29. Ra1 Rxa1 30. Bxa1 Nf7 31. Nd5 Kc6 32. c4 Nd6 33. Nf6
h5 34. f3 a6 35. Nd5 b5 36. Nf4 bxc4+ 37. bxc4 g5 38. Nxh5 {Black resigns} 1-0

[Event "Team 45 45 League T50"]
[Site "Internet Chess Club"]
[Date "2011.09.01"]
[Round "4"]
[White "IanT"]
[Black "AtomicDog"]
[Result "0-1"]
[WhiteElo "1390"]
[BlackElo "1456"]
[Opening "Sicilian: Alapin's variation (2.c3)"]
[ECO "B22"]
[Time "07:31:32"]
[TimeControl "2700+45"]

1. e4 c5 2. c3 Nf6 3. e5 Nd5 4. d4 cxd4 5. cxd4 d6 6. Nf3 Nc6 7. Bb5 Qa5+ 8. Nc3
Nxc3 9. Bxc6+ bxc6 10. bxc3 Qxc3+ 11. Bd2 Qc4 12. Be3 Bf5 13. Nd2 Qa6 14. Nb3 e6
15. Qe2 Bd3 16. Qd2 Rb8 17. Rd1 Bb5 18. Qc2 Be7 19. Bd2 O-O 20. Rc1 dxe5 21.
dxe5 Ba4 22. Nc5 Bxc5 23. Qxc5 Rb2 24. a3 Rd8 25. Qc3 Rbxd2 26. Qxd2 Rxd2 27.
Kxd2 Qa5+ 28. Rc3 Qxe5 29. Rb1 g6 30. Rb7 Qd4+ 31. Rd3 Qxf2+ 32. Kc3 Qc2+ 33.
Kd4 Qf2+ 34. Ke4 Qf5+ 35. Ke3 Qg5+ 36. Ke2 Qg4+ 37. Kf2 Qf5+ 38. Rf3 Qc2+ 39.
Kg3 Qe2 40. Rxa7 Qe5+ 41. Kf2 Qc5+ 42. Re3 Qxa7 43. Kf3 Qd4 44. h3 Bd1+ 45. Kf2
Qf4+ 46. Ke1 Qxe3+ 47. Kf1 Qd2 48. Kg1 c5 49. Kh2 c4 50. Kg3 c3 51. Kh2 c2 52.
Kg3 c1=Q 53. a4 Qc7+ 54. Kh4 Qcf4+ 55. g4 Qdf2# {White checkmated} 0-1

[Event "Team 45 45 League T50"]
[Site "Internet Chess Club"]
[Date "2011.09.04"]
[Round "4"]
[White "chiiwen"]
[Black "Chess-Dream"]
[Result "1/2-1/2"]
[WhiteElo "2213"]
[BlackElo "2044"]
[Opening "QGD: Ragozin variation"]
[ECO "D38"]
[Time "20:00:18"]
[TimeControl "2700+45"]

1. Nf3 d5 2. d4 Nf6 3. c4 e6 4. Nc3 Bb4 5. Qb3 c5 6. e3 Nc6 7. Bd2 Na5 8. Qc2
Nxc4 9. Bxc4 dxc4 10. dxc5 Bxc5 11. Qa4+ Bd7 12. Qxc4 Rc8 13. Qf4 O-O 14. O-O
Bc6 15. Rfd1 Qb6 16. Na4 Bxa4 17. Qxa4 Rfd8 18. b4 Be7 19. Qb3 Ne4 20. Be1 Bf6
21. Rxd8+ Rxd8 22. Rc1 h6 23. h3 g6 24. a4 a6 25. Qc4 Nd6 26. Qf4 Bg7 27. Bc3
Qc6 28. b5 axb5 29. Bb2 Qe4 30. Qxe4 Nxe4 31. Bxg7 Kxg7 32. axb5 Rd5 33. Rc7
Rxb5 34. Nd4 Rb1+ 35. Kh2 Kf6 36. f3 Nd6 37. e4 e5 38. Ne2 Ne8 39. Rc8 Ke7 40.
Nc3 Rb2 41. Rc5 Ke6 42. Nd5 Kd6 43. Rc8 Kd7 44. Rc5 Kd6 45. Rc8 Kd7 46. Rc5 Kd6
{Game drawn by repetition} 1/2-1/2

[Event "Team 45 45 League T50"]
[Site "Internet Chess Club"]
[Date "2011.09.03"]
[Round "4"]
[White "Legal"]
[Black "AronT"]
[Result "0-1"]
[WhiteElo "2016"]
[BlackElo "2187"]
[Opening "French: Winawer, advance, poisoned pawn variation"]
[ECO "C18"]
[Time "07:34:33"]
[TimeControl "2700+45"]

1. e4 e6 2. d4 d5 3. Nc3 Bb4 4. e5 c5 5. a3 Bxc3+ 6. bxc3 Ne7 7. Qg4 O-O 8. Bd3
Nbc6 9. Nf3 f5 10. exf6 Rxf6 11. Bg5 e5 12. Bxh7+ Kxh7 13. Qh5+ Kg8 14. Bxf6
gxf6 15. dxe5 Qf8 16. h4 Bf5 17. O-O-O fxe5 18. Rh3 Bg6 19. Rg3 Qf4+ 20. Kb2
Qxg3 21. Qh6 Qf4 {White resigns} 0-1

[Event "Team 45 45 League T50"]
[Site "Internet Chess Club"]
[Date "2011.09.02"]
[Round "4"]
[White "Babaliyev"]
[Black "Innes"]
[Result "0-1"]
[WhiteElo "1905"]
[BlackElo "1670"]
[Opening "Queen's pawn: Charlick (Englund) gambit"]
[ECO "A40"]
[Time "14:59:37"]
[TimeControl "2700+45"]

1. d4 e5 2. dxe5 Nc6 3. Nf3 f6 4. exf6 Nxf6 5. g3 d5 6. Bg2 Bd6 7. Bg5 Be6 8.
Nbd2 h6 9. Bxf6 Qxf6 10. O-O O-O-O 11. c3 h5 12. h4 Ne5 13. Nxe5 Bxe5 14. Nf3
Bd6 15. Qd2 Rhe8 16. Nd4 Bg4 17. Rae1 c6 18. e4 dxe4 19. Rxe4 Rxe4 20. Bxe4 c5
21. Nb5 Bxg3 22. Nxa7+ Kb8 23. Qe3 Bf4 24. Qxc5 Qxh4 25. Re1 Qh2+ 26. Kf1 Bh3+
27. Ke2 Rd2+ 28. Kf3 Bg2# {White checkmated} 0-1

[Event "Team 45 45 League T50"]
[Site "Internet Chess Club"]
[Date "2011.09.05"]
[Round "4"]
[White "losscause"]
[Black "mitus"]
[Result "0-1"]
[WhiteElo "1609"]
[BlackElo "1856"]
[Opening "Bogo-Indian defense, Nimzovich variation"]
[ECO "E11"]
[Time "17:03:14"]
[TimeControl "2700+45"]

1. d4 Nf6 2. c4 e6 3. Nf3 Bb4+ 4. Bd2 Qe7 5. a3 Bxd2+ 6. Nbxd2 Nc6 7. e3 O-O 8.
Bd3 d6 9. O-O e5 10. Ne4 exd4 11. Nxf6+ Qxf6 12. Nxd4 Bd7 13. Be4 Nxd4 14. Qxd4
Qxd4 15. exd4 Be6 16. d5 Bd7 17. Rfe1 Rfe8 18. Bc2 a5 19. a4 Kf8 20. f4 h6 21.
Kf2 Rxe1 22. Rxe1 Re8 23. Re3 Rxe3 24. Kxe3 Ke7 25. Kd4 b6 26. h4 c5+ 27. Ke3
Kf6 28. Be4 Bxa4 29. g4 b5 30. g5+ hxg5 31. fxg5+ Ke7 32. Kd2 g6 33. Bf3 f6 34.
h5 gxh5 35. gxf6+ Kxf6 36. Bxh5 bxc4 37. Kc3 Bb3 38. Bg4 Ke5 39. Be6 Ke4 40. Bf7
Ba2 41. Be6 Ke5 42. Bf7 Bb1 43. Kxc4 Kf6 44. Bg8 Ke5 45. Kb5 Ba2 46. Kxa5 Bxd5
47. Bh7 Be4 48. Bg8 Kd4 49. Ka4 Bc6+ 50. Ka3 Kd3 51. Bh7+ Kd2 52. Bg8 d5 53. Kb3
Kd3 54. Ka3 d4 55. Kb3 Bb5 56. Bh7+ Kd2 57. Ka3 d3 58. Kb3 Ke3 59. Kc3 d2 60.
Bc2 Ke2 61. b4 c4 62. Bf5 d1=Q 63. Bg4+ Ke1 64. Bxd1 Kxd1 65. Kb2 Kd2 66. Kb1 c3
{White resigns} 0-1

[Event "Team 45 45 League T50"]
[Site "Internet Chess Club"]
[Date "2011.09.02"]
[Round "4"]
[White "chess9793"]
[Black "snottgoblin"]
[Result "0-1"]
[WhiteElo "2108"]
[BlackElo "2041"]
[Opening "Sicilian: Najdorf, Byrne (English) attack"]
[ECO "B90"]
[Time "21:05:15"]
[TimeControl "2700+45"]

1. e4 c5 2. Nf3 d6 3. d4 cxd4 4. Nxd4 Nf6 5. Nc3 a6 6. Be3 e5 7. Nb3 Be6 8. f3
Nbd7 9. Qd2 b5 10. O-O-O Be7 11. g4 Nb6 12. g5 Nfd7 13. Nd5 Bxd5 14. exd5 Qc7
15. Na5 Rc8 16. Kb1 Nxd5 17. Qxd5 Qxa5 18. Bh3 Qc7 19. Rd2 Qc6 20. f4 Qxd5 21.
Rxd5 f6 22. gxf6 gxf6 23. Rg1 Rc7 24. Bf5 Bf8 25. Rgd1 Kf7 26. Bxd7 Rxd7 27.
fxe5 fxe5 28. Rxe5 dxe5 29. Rxd7+ Ke6 30. Ra7 Kd5 31. Rxa6 Ke4 32. Re6 Bg7 33.
Bd2 Rf8 34. c3 Rf2 35. Kc1 Rxh2 36. c4 Kd3 37. Rd6+ Kxc4 38. b3+ Kc5 39. Rd7 Rg2
40. a4 bxa4 41. bxa4 h5 42. a5 h4 43. Rd3 Rg1+ 44. Kc2 Ra1 45. Rh3 Bf6 46. Rf3
Bd8 47. Bc3 Ra2+ 48. Kb3 Re2 49. Rf5 Kd5 50. a6 Bb6 51. Rh5 Re3 52. Kc2 h3 53.
Bxe5 Rxe5 54. Rxh3 Kc4 55. Ra3 Re7 56. Ra4+ Kb5 57. Rg4 Kxa6 58. Kd3 Kb5 59. Kc3
Re3+ 60. Kd2 Bc5 61. Rf4 Rh3 62. Rg4 Kc6 63. Ke2 Kd5 64. Rf4 Bd6 65. Rf3 Rh2+
66. Kd3 Be5 67. Re3 Rh4 68. Rf3 Rd4+ 69. Ke3 Ra4 70. Rf7 Ra3+ 71. Kd2 Ke4 72.
Kc2 Rc3+ 73. Kd2 Rh3 74. Kc2 Rc3+ 75. Kd2 Rb3 76. Rd7 Rb2+ 77. Kc1 Rh2 78. Rd8
Bd4 79. Rg8 Kd3 80. Rg3+ Be3+ 81. Kb1 Re2 82. Rg8 Bd4 83. Rc8 Rb2+ 84. Kc1 Ra2
85. Rb8 Ra1+ 86. Rb1 Ra2 87. Rb8 Kc3 88. Rc8+ Kd3 89. Rb8 Rf2 90. Rb3+ Bc3 91.
Kb1 Rf1+ 92. Ka2 Ra1# {White checkmated} 0-1

[Event "Team 45 45 League T50"]
[Site "Internet Chess Club"]
[Date "2011.09.04"]
[Round "4"]
[White "jefferyx"]
[Black "gaibo4ever"]
[Result "0-1"]
[WhiteElo "2101"]
[BlackElo "2182"]
[Opening "Sicilian: dragon, 6.Be3"]
[ECO "B72"]
[Time "14:35:48"]
[TimeControl "2700+45"]

1. e4 c5 2. Nf3 d6 3. d4 cxd4 4. Nxd4 Nf6 5. Nc3 g6 6. Be3 Bg7 7. Qd2 Ng4 8. f3
Nxe3 9. Qxe3 Qb6 10. Bb5+ Bd7 11. O-O-O Bxb5 12. Ncxb5 Nc6 13. Rhe1 a6 14. Nxd6+
exd6 15. Nb3 Qxe3+ 16. Rxe3 Bh6 {White resigns} 0-1

[Event "Team 45 45 League T50"]
[Site "Internet Chess Club"]
[Date "2011.09.05"]
[Round "4"]
[White "katikus"]
[Black "Buford-Julep"]
[Result "1/2-1/2"]
[WhiteElo "1738"]
[BlackElo "1680"]
[Opening "French: Tarrasch, open variation"]
[ECO "C07"]
[Time "10:03:12"]
[TimeControl "2700+45"]

1. e4 e6 2. d4 d5 3. Nd2 c5 4. exd5 Qxd5 5. Ngf3 Nf6 6. Bc4 Qd6 7. dxc5 Qxc5 8.
Qe2 Nc6 9. Nb3 Qh5 10. O-O Bd6 11. h3 O-O 12. Rd1 Bc7 13. Bg5 e5 14. Bxf6 gxf6
15. Nc5 f5 16. Nd7 Bxd7 17. Rxd7 Bb6 18. Rad1 Rad8 19. Rxd8 Rxd8 20. Rxd8+ Bxd8
21. Qd2 Bb6 22. Qd7 e4 23. Ng5 Nd8 24. Qxf5 e3 25. g4 Qg6 26. Qxg6+ hxg6 27. Ne4
exf2+ 28. Nxf2 Nc6 29. Bd5 Nb4 30. Bxb7 Nxc2 31. Kf1 f5 32. gxf5 Ne3+ 33. Ke2
Nxf5 34. Ne4 Kg7 35. Kd3 Bc7 36. b4 Nd6 37. Nxd6 Bxd6 38. b5 Bc5 39. a4 g5 40.
a5 Kg6 41. Kc4 Bf2 42. b6 Bxb6 43. axb6 axb6 44. Bc8 Kf7 45. Kb5 Kg7 46. Kxb6
Kh6 47. Bg4 Kg6 48. Kc6 Kf7 49. Kd5 Kg6 50. Ke6 Kg7 51. Kf5 Kh6 52. Kf6 Kh7 53.
Kxg5 Kg7 54. Bf5 Kg8 55. Kg6 Kh8 56. h4 Kg8 57. h5 Kh8 {Game drawn by mutual
agreement} 1/2-1/2